 Dungeon Crawl Stone Soup version 0.30.1-4-g462c640d31 (webtiles) character file.

Game seed: 3957728371647572928

35 Nick1 the Shield-Bearer (level 3, 0/27 (29) HPs)
             Began as a Formicid Fighter on Sept 13, 2023.
             Slain by Jessica
             ... wielding a +0 club
              (2 damage)
             ... on level 2 of the Dungeon.
             The game lasted 00:06:14 (832 turns).

Nick1 the Shield-Bearer (Formicid Fighter)           Turns: 832, Time: 00:06:15

HP:   0/27 (29)     AC:  6    Str: 22    XL:     3   Next: 52%
MP:   3/3           EV:  9    Int:  7    God:
Gold: 139           SH:  6    Dex: 19    Spells: 2/2 levels left

rFire   . . .        a - +0 war axe
rCold   . . .        c - +0 buckler
rNeg    + . .        b - +0 scale mail
rPois   .            (helmet unavailable)
rElec   .            (no cloak)
rCorr   .            (no gloves)
SInv    +            (no boots)
Will    .....        (no amulet) Stlth
                     h - ring of positive energy
HPRegen 0.24/turn    j - +6 ring of dexterity
MPRegen 0.08/turn

%: no passive effects
@: drained
A: permanent stasis, dig shafts and tunnels, antennae 3, four strong arms
a: Dig, Shaft Self


You were on level 2 of the Dungeon.
You visited 1 branch of the dungeon, and saw 2 of its levels.

You collected 139 gold pieces.

Inventory:

Hand Weapons
 a - a +0 war axe (weapon)
Armour
 b - a +0 scale mail (worn)
 c - a +0 buckler (worn)
Jewellery
 h - a ring of positive energy (left hand)
 j - a +6 ring of dexterity (right hand)
 m - a +4 ring of protection
Scrolls
 e - a scroll of teleportation {unknown}
 g - a scroll of blinking {unknown}
 i - a scroll of identify {unknown}
 n - a scroll of enchant armour {unknown}
 o - a scroll of noise {unknown}
Potions
 d - a potion of might
 f - a potion of cancellation {unknown}
 k - a potion of flight {unknown}
 l - a potion of mutation {unknown}


   Skills:
 * Level 3.6 Fighting
 * Level 2.5 Axes
 * Level 3.5 Armour
 + Level 0.1 Dodging
 * Level 4.6 Shields


You had 2 spell levels left.
You didn't know any spells.
Your spell library was empty.

Dungeon Overview and Level Annotations

Branches:
Dungeon (2/15)

Altars:

Annotations:
D:2 Jessica


Innate Abilities, Weirdness & Mutations

You cannot be hasted, slowed, berserked, paralysed or teleported.
You can dig through walls and to a lower floor.
You have a pair of large antennae on your head. (SInv)
Your four strong arms can wield two-handed weapons with a shield.


Message History

Jessica mumbles some strange words.
Jessica blinks!
Jessica casts a spell at you.
Your stasis prevents you from being slowed.
You closely miss Jessica.
Jessica is severely wounded.
Jessica casts a spell.
Jessica blinks!
Jessica gestures wildly while chanting.
Jessica blinks!
Found a murky dark potion.
You block Jessica's attack.
You closely miss Jessica.
Jessica is severely wounded.
Jessica hits you but does no damage. Jessica hits you with a +0 club.
You hit Jessica.
Jessica is almost dead.
You block Jessica's attack.
Jessica mumbles something strange.
Jessica mumbles some strange words.
Jessica blinks!
Jessica gestures at you while chanting.
You barely resist.
Found a scroll labelled GUAPU XIADGH and a yellow potion.
Jessica gestures at you while chanting. Pain shoots through your body!
* * * LOW HITPOINT WARNING * * *
You closely miss Jessica.
Jessica is almost dead.
Jessica casts a spell at you. Pain shoots through your body!
* * * LOW HITPOINT WARNING * * *
Jessica points at you and mumbles some strange words.
You are unaffected.
You barely miss Jessica.
Jessica is almost dead.
Jessica hits you with a +0 club.
* * * LOW HITPOINT WARNING * * *
Jessica hits you with a +0 club.
You die...

....##.## ###########
....##..#####.....#.....
....###..†.#............
....# ####†.............
..#.. #..............
.## #.............. .#
#.............! ...
##............. ...
#.....@....... ...
........@......?
..####.....#..... .
.........####
#.....!...# #.........#
###########


You could see Jessica (fast).

Vanquished Creatures
  A worm (D:2)
  5 bats
  2 endoplasms
  6 giant cockroaches
  A goblin (D:2)
  4 hobgoblins
  A quokka (D:1)
  2 frilled lizards
  4 kobolds
  3 rats
29 creatures vanquished.

Notes
Turn   | Place    | Note
-------+----------+-------------------------------------------
     0 | D:1      | Nick1 the Formicid Fighter began the quest for the Orb.
     0 | D:1      | Reached XP level 1. HP: 18/18 MP: 1/1
   136 | D:1      | Reached XP level 2. HP: 24/24 MP: 2/2
   420 | D:1      | Found a faded altar of an unknown god.
   702 | D:2      | Reached XP level 3. HP: 24/24 MP: 3/3
   800 | D:2      | Noticed Jessica
   832 | D:2      | Slain by Jessica

Illustrated notes

Levels and vault maps discovered:
D:1:      mainiacjoe_arrival_reflecting_pool, layout_loops_ring,
          shapermc_ecumenical_altar_notcrosses
D:2:      layout_rooms, minmay_pentomino_t4, uniq_jessica

Action                     || total
---------------------------++-------
  Melee: War axe           ||    77
Ability: Dig               ||     4
 Armour: Scale mail        ||    28
  Dodge: Dodged            ||    35
  Block: Buckler           ||    17
